[Event "49th Rilton Cup 2019-20"]
[Site "Stockholm"]
[Date "2019.12.31"]
[Round "5.21"]
[White "Spyropoulos, Nikolaos"]
[Black "Valkama, Eero"]
[Result "1/2-1/2"]
[ECO "C77"]
[WhiteElo "2401"]
[BlackElo "2249"]
[Annotator "ChessBase"]
[PlyCount "81"]
[EventDate "2019.12.27"]
[EventType "swiss"]
[EventCountry "SWE"]
[SourceTitle "playchess.com"]
[Source "ChessBase"]
[SourceQuality "1"]
[TimeControl "40/5400+30:1800+30"]

1. e4 e5 2. Nf3 Nc6 3. Bb5 a6 4. Ba4 Nf6 5. d3 d6 6. c4 Be7 7. Nc3 O-O 8. h3 Nd4 9. Nxd4 exd4 10. Ne2 c5 11. O-O Rb8 12. Nf4 Nd7 13. Bxd7 Bxd7 14. Nd5 Be6 15. Qe2 Re8 16. Re1 b5 17. b3 Rb7 18. Qf3 bxc4 19. bxc4 Bxd5 20. exd5 Bf8 21. Rxe8 Qxe8 22. Qd1 Qb8 23. Bf4 Rb2 24. Qa4 Rb1+ 25. Rxb1 Qxb1+ 26. Kh2 Qxd3 27. Qxa6 Qg6 28. Qa3 Qf5 29. Qg3 Qd7 30. Qb3 Qf5 31. Bg3 d3 32. a4 d2 33. a5 Qf6 34. a6 Qa1 35. a7 Qxa7 36. Bf4 Qa5 37. Qc2 d1=R 38. Qxd1 Qa2 39. Qf1 Qc2 40. Bg3 h5 41. Qd1 1/2-1/2

[Event "49th Rilton Cup 2019-20"]
[Site "Stockholm"]
[Date "2019.12.31"]
[Round "5.22"]
[White "Percivaldi, Martin"]
[Black "Bruaset, Eivind"]
[Result "1/2-1/2"]
[ECO "E06"]
[WhiteElo "2386"]
[BlackElo "2217"]
[Annotator "ChessBase"]
[PlyCount "98"]
[EventDate "2019.12.27"]
[EventType "swiss"]
[EventCountry "SWE"]
[SourceTitle "playchess.com"]
[Source "ChessBase"]
[SourceQuality "1"]
[TimeControl "40/5400+30:1800+30"]

1. d4 Nf6 2. c4 e6 3. Nf3 d5 4. g3 Be7 5. Bg2 O-O 6. O-O dxc4 7. Ne5 Nc6 8. Nxc6 bxc6 9. Na3 Bxa3 10. bxa3 Rb8 11. Qa4 Rb6 12. Bd2 Ba6 13. Bb4 Bb5 14. Qc2 Ra6 15. Bxf8 Qxf8 16. e4 Qxa3 17. Rfc1 g6 18. Qd2 Kg7 19. Rc3 Qb4 20. a3 Qe7 21. Bf3 Nd7 22. a4 Qb4 23. Bd1 Nb6 24. Qc1 Nxa4 25. Bxa4 Rxa4 26. Rxa4 Qxa4 27. h4 Qb4 28. h5 h6 29. hxg6 fxg6 30. Rf3 Qd6 31. Qc3 a6 32. Rf6 Qe7 33. Rf4 c5 34. e5 Qd7 35. d5 Qxd5 36. Qf3 Qxf3 37. Rxf3 Ba4 38. Ra3 Bb5 39. f4 g5 40. fxg5 h5 41. Kf2 Kg6 42. Rf3 Kxg5 43. Rf7 Bc6 44. Ke3 Bd5 45. Rxc7 Kf5 46. Rh7 Kxe5 47. Rxh5+ Kf6 48. Kd2 a5 49. Rh7 Ke5 1/2-1/2

[Event "49th Rilton Cup 2019-20"]
[Site "Stockholm"]
[Date "2019.12.31"]
[Round "5.24"]
[White "Ippolito, Dean"]
[Black "Hauge, Lars Oskar"]
[Result "0-1"]
[ECO "A86"]
[WhiteElo "2356"]
[BlackElo "2504"]
[Annotator "RC"]
[PlyCount "68"]
[EventDate "2019.12.27"]
[EventType "swiss"]
[EventCountry "SWE"]
[SourceTitle "playchess.com"]
[Source "ChessBase"]
[SourceQuality "1"]
[TimeControl "40/5400+30:1800+30"]

1. d4 f5 2. c4 Nf6 3. g3 d6 4. Nf3 g6 5. Bg2 Bg7 6. O-O O-O 7. Nc3 e6 8. b3 Qe7 9. Ba3 Nc6 10. Qc2 a5 11. Rad1 Nb4 12. Qb1 e5 13. dxe5 dxe5 14. e4 f4 15. h3 g5 16. gxf4 gxf4 17. Nd5 Nfxd5 18. Rxd5 Ra6 19. Kh2 Rh6 20. Rxa5 Bg4 21. Qd1 Kh8 22. Rh1 c5 23. Bxb4 cxb4 24. Rd5 Be6 25. Rd3 Rg8 26. Rd6 Bf6 27. Rg1 Qf7 28. Ne1 Be7 29. Rd3 Bg4 30. Qa1 f3 31. Qxe5+ Bf6 32. Qd5 Qc7+ 33. Kh1 Rg5 34. e5 Bxh3 0-1

[Event "49th Rilton Cup 2019-20"]
[Site "Stockholm"]
[Date "2020.01.02"]
[Round "6.3"]
[White "Meshkovs, Nikita"]
[Black "Quesada Perez, Luis Ernesto"]
[Result "1/2-1/2"]
[ECO "A40"]
[WhiteElo "2558"]
[BlackElo "2499"]
[Annotator "ChessBase"]
[PlyCount "80"]
[EventDate "2019.12.27"]
[EventType "swiss"]
[EventCountry "SWE"]
[SourceTitle "playchess.com"]
[Source "ChessBase"]
[SourceQuality "1"]
[TimeControl "40/5400+30:1800+30"]

1. d4 e6 2. Nf3 f5 3. g3 Nf6 4. Bg2 d5 5. O-O Bd6 6. c4 c6 7. b3 Qe7 8. Nc3 O-O 9. Bb2 Nbd7 10. Rc1 b6 11. cxd5 exd5 12. Qc2 g6 13. Rfd1 Bb7 14. e3 Ne4 15. Ne1 Rae8 16. Nd3 h5 17. Nf4 Qg7 18. Qe2 Ndf6 19. f3 Nxc3 20. Bxc3 h4 21. Qf2 hxg3 22. hxg3 Qh6 23. Nd3 Rf7 24. Ne5 Rh7 25. Kf1 c5 26. f4 Bxe5 27. dxe5 Ng4 28. Qg1 d4 29. Bxb7 Nxe3+ 30. Ke2 Rxb7 31. Qh1 Qh7 32. Qc6 Qh2+ 33. Kd3 Nxd1 34. Qxe8+ Kg7 35. Rxd1 Qxg3+ 36. Kc2 Qxc3+ 37. Kb1 Qe3 38. Ka1 Qc3+ 39. Kb1 Qe3 40. Ka1 Qc3+ 1/2-1/2

[Event "49th Rilton Cup 2019-20"]
[Site "Stockholm"]
[Date "2020.01.02"]
[Round "6.4"]
[White "Blomqvist, Erik"]
[Black "Nesterov, Arseniy"]
[Result "0-1"]
[ECO "C67"]
[WhiteElo "2537"]
[BlackElo "2482"]
[Annotator "ChessBase"]
[PlyCount "68"]
[EventDate "2019.12.27"]
[EventType "swiss"]
[EventCountry "SWE"]
[SourceTitle "playchess.com"]
[Source "ChessBase"]
[SourceQuality "1"]
[TimeControl "40/5400+30:1800+30"]

1. e4 e5 2. Nf3 Nc6 3. Bb5 Nf6 4. O-O Nxe4 5. Re1 Nd6 6. Nxe5 Nxe5 7. Rxe5+ Be7 8. Bf1 O-O 9. d4 Bf6 10. Re1 Re8 11. Bf4 Rxe1 12. Qxe1 Ne8 13. Nc3 Bxd4 14. Nd5 c6 15. Ne7+ Kf8 16. Nxc8 Qf6 17. Rd1 Rxc8 18. Qe4 Bxf2+ 19. Kxf2 g5 20. Rxd7 Rc7 21. Rxc7 Nxc7 22. Bd3 gxf4 23. Qb4+ Kg7 24. Qxb7 Nd5 25. Qxa7 Qxb2 26. a4 Qc3 27. Kf3 Qe5 28. a5 Ne3 29. Qd7 h5 30. Qxc6 Nc4 31. g3 Nd2+ 32. Kf2 Qd4+ 33. Ke2 Qe3+ 34. Kd1 Nb1 0-1

[Event "49th Rilton Cup 2019-20"]
[Site "Stockholm"]
[Date "2020.01.02"]
[Round "6.5"]
[White "Ionov, Sergey"]
[Black "Pantzar, Milton"]
[Result "1/2-1/2"]
[ECO "A13"]
[WhiteElo "2521"]
[BlackElo "2410"]
[Annotator "ChessBase"]
[PlyCount "67"]
[EventDate "2019.12.27"]
[EventType "swiss"]
[EventCountry "SWE"]
[SourceTitle "playchess.com"]
[Source "ChessBase"]
[SourceQuality "1"]
[TimeControl "40/5400+30:1800+30"]

1. c4 e6 2. g3 d5 3. Bg2 c6 4. Qc2 Nf6 5. Nf3 Be7 6. d4 O-O 7. O-O b6 8. Rd1 Bb7 9. Nc3 Nbd7 10. b3 Rc8 11. e4 c5 12. exd5 exd5 13. Qf5 dxc4 14. d5 Ne8 15. d6 Bf6 16. Ng5 g6 17. Qh3 h5 18. Bxb7 Rb8 19. Bd5 Bxc3 20. Rb1 Nef6 21. Bxc4 Ne5 22. Bf4 Nxc4 23. bxc4 Qd7 24. Qxd7 Nxd7 25. Rb3 Bf6 26. Nf3 Rfe8 27. Ra3 a5 28. Re3 Rxe3 29. fxe3 Re8 30. Kf2 Re4 31. Nd2 Re6 32. Nf3 Re4 33. Nd2 Re6 34. Nf3 1/2-1/2

[Event "49th Rilton Cup 2019-20"]
[Site "Stockholm"]
[Date "2020.01.02"]
[Round "6.9"]
[White "Abdrlauf, Elham"]
[Black "Miezis, Normunds"]
[Result "0-1"]
[ECO "E11"]
[WhiteElo "2328"]
[BlackElo "2486"]
[Annotator "ChessBase"]
[PlyCount "78"]
[EventDate "2019.12.27"]
[EventType "swiss"]
[EventCountry "SWE"]
[SourceTitle "playchess.com"]
[Source "ChessBase"]
[SourceQuality "1"]
[TimeControl "40/5400+30:1800+30"]

1. d4 Nf6 2. c4 e6 3. Nf3 Bb4+ 4. Nbd2 b6 5. a3 Bxd2+ 6. Bxd2 Bb7 7. e3 d6 8. Bd3 Nbd7 9. Qc2 e5 10. e4 a5 11. c5 bxc5 12. dxe5 dxe5 13. O-O O-O 14. Rfe1 Qe7 15. Rac1 Rfd8 16. Bc3 Ba6 17. Bxa6 Rxa6 18. Qe2 Rda8 19. Nd2 Ne8 20. Nc4 Nd6 21. Ne3 Nf6 22. f3 a4 23. Nf5 Qe6 24. Qf2 Nd7 25. Ne3 Nb5 26. f4 f6 27. fxe5 fxe5 28. Qg3 Nd6 29. Nd5 R6a7 30. Rcd1 c4 31. Nb4 Re8 32. Qe3 Raa8 33. Rd5 Nf7 34. Red1 Nf6 35. Rc5 Rad8 36. Rxd8 Rxd8 37. h3 Qb6 38. Nc2 Rd3 39. Qf2 Nxe4 0-1

[Event "49th Rilton Cup 2019-20"]
[Site "Stockholm"]
[Date "2020.01.02"]
[Round "6.10"]
[White "Acikel, Mert"]
[Black "Gagare, Shardul"]
[Result "0-1"]
[ECO "C07"]
[WhiteElo "2094"]
[BlackElo "2468"]
[Annotator "ChessBase"]
[PlyCount "56"]
[EventDate "2019.12.27"]
[EventType "swiss"]
[EventCountry "SWE"]
[SourceTitle "playchess.com"]
[Source "ChessBase"]
[SourceQuality "1"]
[TimeControl "40/5400+30:1800+30"]

1. e4 e6 2. d4 d5 3. Nd2 c5 4. exd5 Qxd5 5. Ngf3 cxd4 6. Bc4 Qd8 7. O-O Nc6 8. Nb3 a6 9. Nbxd4 Nxd4 10. Nxd4 Qc7 11. Bb3 Bd6 12. Re1 Ne7 13. Qh5 O-O 14. c3 Bd7 15. Bc2 Ng6 16. Re3 Qc5 17. Qg4 Rae8 18. b4 Qc4 19. Bd2 Bf4 20. Qe2 Qc7 21. Rh3 e5 22. Nf5 e4 23. Qh5 h6 24. Bb3 Kh7 25. Be3 Re5 26. g4 Qc8 27. Bd4 Bxf5 28. gxf5 Rxf5 0-1

[Event "49th Rilton Cup 2019-20"]
[Site "Stockholm"]
[Date "2020.01.02"]
[Round "6.11"]
[White "Keinanen, Toivo"]
[Black "Vestby-Ellingsen, Mads"]
[Result "1-0"]
[ECO "A37"]
[WhiteElo "2447"]
[BlackElo "2346"]
[Annotator "NA"]
[PlyCount "83"]
[EventDate "2019.12.27"]
[EventType "swiss"]
[EventCountry "SWE"]
[SourceTitle "playchess.com"]
[Source "ChessBase"]
[SourceQuality "1"]
[TimeControl "40/5400+30:1800+30"]

1. Nf3 c5 2. c4 Nc6 3. Nc3 g6 4. g3 Bg7 5. Bg2 d6 6. O-O e6 7. e3 Nge7 8. d4 O-O 9. Rb1 {[%emt 0:00:01] A37: Symmetrical English vs ...g6: 4 Bg2 Bg7 5 Nf3} (9. Re1 Rb8 10. b3 e5 11. dxe5 dxe5 12. Ba3 Qa5 13. Qc1 e4 14. Nxe4 f5 15. Bb2 fxe4 16. Ng5 Ne5 17. Bxe4 {0-1 (27) Yu,Y (2739)-Jones,G (2702) Hengshui 2019}) 9... Rb8 10. dxc5 $146 ({Predecessor:} 10. b3 b6 11. Bb2 cxd4 12. exd4 d5 13. cxd5 exd5 14. Ba3 Re8 15. Re1 Bg4 16. h3 Bxf3 17. Qxf3 Nxd4 {½-½ (60) Donchenko,A (2607)-Babula,V (2538) Germany 2018}) 10... dxc5 11. Qe2 Nf5 12. Ne4 Qe7 13. b3 b6 14. Bb2 Bb7 15. Bxg7 Nxg7 16. Qb2 f5 17. Nc3 $1 Nh5 18. a3 Rbd8 19. b4 Nf6 20. Na4 Ne4 21. bxc5 Nxc5 22. Nxc5 Qxc5 23. Nd4 Nxd4 24. exd4 $11 Qc7 25. Bxb7 Qxb7 26. c5 Rb8 27. Rfe1 Qd7 28. Qb3 Kf7 29. Qe3 bxc5 30. dxc5 Rxb1 31. Rxb1 Rc8 32. h4 Qd5 33. Qh6 Kg8 34. h5 Qd3 35. Rc1 Rc6 36. hxg6 hxg6 37. Qxg6+ Kf8 38. Qf6+ Kg8 39. Qg6+ Kf8 40. Qf6+ Kg8 41. Qe7 a6 42. Qe8+ 1-0

[Event "49th Rilton Cup 2019-20"]
[Site "Stockholm"]
[Date "2020.01.02"]
[Round "6.12"]
[White "Serarols Mabras, Bernat"]
[Black "Dhulipalla Bala Chandra Prasad"]
[Result "0-1"]
[ECO "D11"]
[WhiteElo "2356"]
[BlackElo "2414"]
[Annotator "ChessBase"]
[PlyCount "116"]
[EventDate "2019.12.27"]
[EventType "swiss"]
[EventCountry "SWE"]
[SourceTitle "playchess.com"]
[Source "ChessBase"]
[SourceQuality "1"]
[TimeControl "40/5400+30:1800+30"]

1. d4 d5 2. c4 c6 3. Nf3 Nf6 4. e3 Bg4 5. h3 Bh5 6. g4 Bg6 7. Ne5 e6 8. Nd2 Nbd7 9. Nxg6 hxg6 10. Bg2 Bd6 11. O-O Qe7 12. f4 g5 13. fxg5 Nh7 14. h4 Nhf8 15. Nf3 dxc4 16. Qe2 e5 17. Qxc4 e4 18. Ne5 Bxe5 19. dxe5 Rxh4 20. Qxe4 Qxe5 21. Qxe5+ Nxe5 22. Rf5 Nxg4 23. b4 Rd8 24. b5 g6 25. Rf1 Ne6 26. bxc6 bxc6 27. Bxc6+ Kf8 28. Ba3+ Kg8 29. Rfd1 Rxd1+ 30. Rxd1 Rh3 31. Rb1 Nxg5 32. Rb8+ Kh7 33. Bb2 f6 34. Bd4 a5 35. Ra8 Rg3+ 36. Kf1 Ne6 37. Rxa5 Nxe3+ 38. Bxe3 Rxe3 39. Ra7+ Kh6 40. a4 Rc3 41. Be8 Nf4 42. a5 Rf3+ 43. Kg1 Kg5 44. Bc6 Rc3 45. Bb5 Rc2 46. a6 Ne2+ 47. Kf1 Nd4 48. Rb7 Ra2 49. Bc4 Ra4 50. Bd3 f5 51. Rb6 Kf4 52. Rxg6 Kf3 53. Rb6 f4 54. Rb1 Ke3 55. Rd1 Ra2 56. Re1+ Kxd3 57. Re8 Rxa6 58. Kf2 Ra2+ 0-1

[Event "49th Rilton Cup 2019-20"]
[Site "Stockholm"]
[Date "2020.01.02"]
[Round "6.14"]
[White "Savanovic, Aleksandar"]
[Black "Santarius, Erik"]
[Result "1-0"]
[ECO "C87"]
[WhiteElo "2420"]
[BlackElo "2382"]
[Annotator "NA"]
[PlyCount "113"]
[EventDate "2019.12.27"]
[EventType "swiss"]
[EventCountry "SWE"]
[SourceTitle "playchess.com"]
[Source "ChessBase"]
[SourceQuality "1"]
[TimeControl "40/5400+30:1800+30"]

1. e4 e5 2. Nf3 Nc6 3. Bb5 a6 4. Ba4 Nf6 5. O-O Be7 6. Re1 d6 7. c3 Bg4 8. d3 Nd7 9. Nbd2 $146 {[%emt 0:00:15] C87: Closed Ruy Lopez: Steinitz-type lines after 6 Re1 d6} ({Predecessor:} 9. h3 Bh5 10. Bxc6 (10. Nbd2 Nc5 11. Bc2 {½-½ (57) Garcia Pantoja,R (2536)-Arenas Vanegas,D (2448) Medellin 2019}) 10... bxc6 11. d4 c5 12. Be3 Rb8 13. b3 g5 14. dxc5 dxc5 15. Nbd2 f6 16. Nf1 c4 {1-0 (36) Giri,A (2779)-Mamedyarov,S (2765) Paris 2019}) 9... Nc5 10. Bc2 Ne6 11. h3 Bh5 12. Nf1 Ng5 13. Bxg5 Bxg5 14. Ng3 Bxf3 15. Qxf3 g6 16. Nf1 O-O 17. Ne3 Bxe3 18. Qxe3 Qh4 19. Rf1 f5 20. exf5 gxf5 21. f4 Kh8 22. Ba4 Ne7 23. Qf2 Qh6 24. Rae1 Ng6 25. fxe5 dxe5 26. Kh2 Rad8 27. Qe3 f4 28. Qe4 c5 29. Bd1 Qg5 30. Bf3 $11 Rf6 31. Qxb7 Rfd6 32. Be4 Qg3+ 33. Kh1 f3 34. Bxf3 Nf4 35. Qe7 Nxd3 36. Be4 R6d7 37. Rf8+ Rxf8 38. Qxf8+ Qg8 39. Qxg8+ Kxg8 40. Bxd3 Rxd3 41. Rxe5 Rd2 42. Rxc5 Rxb2 43. Ra5 Rc2 44. Rxa6 Rxc3 45. Ra7 Rc2 46. Kh2 Kh8 47. a4 Rc4 48. a5 Ra4 49. g4 h5 50. Kg3 hxg4 51. hxg4 Kg8 52. Kh4 Rc4 53. Kh5 Rd4 54. g5 Rd6 55. a6 Rc6 56. g6 Rc1 57. Rb7 1-0

[Event "49th Rilton Cup 2019-20"]
[Site "Stockholm"]
[Date "2020.01.02"]
[Round "6.15"]
[White "Piesik, Piotr"]
[Black "Mikalsen, Erlend"]
[Result "1/2-1/2"]
[ECO "D37"]
[WhiteElo "2417"]
[BlackElo "2361"]
[Annotator "NA"]
[PlyCount "75"]
[EventDate "2019.12.27"]
[EventType "swiss"]
[EventCountry "SWE"]
[SourceTitle "playchess.com"]
[Source "ChessBase"]
[SourceQuality "1"]
[TimeControl "40/5400+30:1800+30"]

1. Nf3 d5 2. d4 Nf6 3. c4 e6 4. Nc3 Be7 5. cxd5 exd5 6. Bg5 c6 7. Qc2 g6 8. e3 Bf5 9. Bd3 Bxd3 10. Qxd3 Nbd7 11. O-O O-O 12. Rab1 a5 13. a3 Re8 14. b4 axb4 15. axb4 Ne4 16. Bxe7 $1 Qxe7 17. Qc2 b5 18. Nxe4 dxe4 19. Nd2 Rac8 20. Nb3 Nb6 21. Qc5 $11 Qxc5 22. Nxc5 Nd5 23. Rb3 Ra8 24. f3 exf3 25. Rxf3 Ra1+ 26. Kf2 f5 27. Nd3 Ra2+ 28. Nb2 Re6 29. h3 h5 30. Kg1 Kg7 31. Nd3 Rxe3 32. Rxe3 Nxe3 33. Nf4 Nc4 34. Rg3 Ra1+ 35. Kf2 Ra2+ 36. Kg1 Ra1+ 37. Kf2 Ra2+ 38. Kg1 1/2-1/2

[Event "49th Rilton Cup 2019-20"]
[Site "Stockholm"]
[Date "2020.01.02"]
[Round "6.16"]
[White "Leenhouts, Koen"]
[Black "Hobber, Anders"]
[Result "1-0"]
[ECO "D11"]
[WhiteElo "2415"]
[BlackElo "2357"]
[Annotator "ChessBase"]
[PlyCount "153"]
[EventDate "2019.12.27"]
[EventType "swiss"]
[EventCountry "SWE"]
[SourceTitle "playchess.com"]
[Source "ChessBase"]
[SourceQuality "1"]
[TimeControl "40/5400+30:1800+30"]

1. d4 d5 2. c4 c6 3. Nf3 Nf6 4. e3 a6 5. Nbd2 g6 6. b4 Bg7 7. a4 O-O 8. Be2 Bg4 9. O-O Nbd7 10. Qb3 e5 11. dxe5 Ne4 12. cxd5 Nxd2 13. Bxd2 Nxe5 14. Nd4 cxd5 15. f3 Be6 16. Rad1 Rc8 17. Be1 Nc4 18. Bf2 Qe7 19. Nxe6 Qxe6 20. e4 dxe4 21. fxe4 b5 22. axb5 axb5 23. Qg3 Be5 24. Qh4 Bf6 25. Qg4 h5 26. Qxe6 fxe6 27. Bc5 Rf7 28. Rf3 Be7 29. Bxe7 Rxe7 30. Rg3 Kh7 31. Rg5 e5 32. Rd5 Rb7 33. h4 Rf8 34. Rc5 Rf4 35. Bxc4 bxc4 36. Rxc4 Rbf7 37. Rxe5 Rf1+ 38. Kh2 R7f4 39. Rg5 Kh6 40. Kg3 Rf6 41. b5 Rb1 42. Rc3 Re1 43. e5 Rb6 44. Rc6 Rxc6 45. bxc6 Rc1 46. e6 Rxc6 47. Re5 Rc8 48. Kf4 Kg7 49. e7 Re8 50. Kg5 Kf7 51. Re2 Kg7 52. Re6 Kf7 53. Rxg6 Rxe7 54. Kxh5 Re4 55. Rg4 Re6 56. Rg5 Re4 57. g4 Re6 58. Ra5 Kg8 59. Ra7 Rb6 60. Re7 Ra6 61. Kg5 Rb6 62. Kf5 Ra6 63. h5 Rb6 64. Re5 Ra6 65. Kg5 Rb6 66. h6 Kh7 67. Re7+ Kg8 68. Kh5 Ra6 69. g5 Ra5 70. Kg6 Ra6+ 71. Kf5 Ra5+ 72. Re5 Ra8 73. g6 Rb8 74. Kg5 Ra8 75. h7+ Kg7 76. Re7+ Kh8 77. Kh6 1-0

[Event "49th Rilton Cup 2019-20"]
[Site "Stockholm"]
[Date "2020.01.02"]
[Round "6.17"]
[White "Koykka, Pekka"]
[Black "Rathanvel, V S"]
[Result "0-1"]
[ECO "A40"]
[WhiteElo "2372"]
[BlackElo "2411"]
[Annotator "ChessBase"]
[PlyCount "154"]
[EventDate "2019.12.27"]
[EventType "swiss"]
[EventCountry "SWE"]
[SourceTitle "playchess.com"]
[Source "ChessBase"]
[SourceQuality "1"]
[TimeControl "40/5400+30:1800+30"]

1. d4 Nf6 2. c4 e6 3. g3 Bb4+ 4. Nd2 d5 5. Qa4+ Nc6 6. Ngf3 dxc4 7. Bg2 O-O 8. O-O Rb8 9. Ne5 b5 10. Nxc6 bxa4 11. Nxd8 Rxd8 12. Nxc4 Ba6 13. Ne5 Bxe2 14. a3 Bxf1 15. Kxf1 Be7 16. Nc6 Re8 17. Nxb8 Rxb8 18. Bc6 Nd5 19. Bxa4 Bf6 20. Ra2 Bxd4 21. Bc6 Ne7 22. Ba4 c5 23. b3 Nd5 24. Bd2 g6 25. Rc2 Kg7 26. Ba5 e5 27. Bc6 Ne7 28. Ba4 Nf5 29. g4 Ne7 30. Bc7 Rc8 31. Bd6 Nd5 32. Bb5 Nc3 33. Bc4 Ne4 34. Be7 Re8 35. Bh4 Nd6 36. Bd5 Nb5 37. a4 Nc7 38. Bc4 Ne6 39. f3 Be3 40. Re2 Bd4 41. Bg3 f6 42. f4 Nd8 43. Kg2 Nb7 44. Kf3 Nd6 45. Bd5 g5 46. fxg5 fxg5 47. Re1 Re7 48. Ke2 Ne8 49. Kd3 Nf6 50. Bf3 Re8 51. Re2 Kf7 52. Re1 Rb8 53. Kc2 Re8 54. Kd3 Ke6 55. Kc2 Kf7 56. Kd3 Rb8 57. Kc2 c4 58. bxc4 Rb2+ 59. Kc1 Ra2 60. Bd1 Nd7 61. Bb3 Ra3 62. Bc2 h6 63. Rf1+ Ke6 64. Kd2 Nb6 65. c5 Nc4+ 66. Ke1 Ra1+ 67. Ke2 Rxf1 68. Kxf1 Ne3+ 69. Ke2 Nxc2 70. Kd3 Nb4+ 71. Kc4 Nc6 72. Be1 e4 73. h3 a6 74. Bg3 Bg1 75. Bd6 Ne5+ 76. Kb4 Nd3+ 77. Kc4 Bxc5 {[%emt 0:00:07] Kd4 Ke5+} 0-1

[Event "49th Rilton Cup 2019-20"]
[Site "Stockholm"]
[Date "2020.01.02"]
[Round "6.18"]
[White "Bruaset, Eivind"]
[Black "Spyropoulos, Nikolaos"]
[Result "0-1"]
[ECO "B03"]
[WhiteElo "2217"]
[BlackElo "2401"]
[Annotator "NA"]
[PlyCount "134"]
[EventDate "2019.12.27"]
[EventType "swiss"]
[EventCountry "SWE"]
[SourceTitle "playchess.com"]
[Source "ChessBase"]
[SourceQuality "1"]
[TimeControl "40/5400+30:1800+30"]

1. e4 Nf6 2. e5 Nd5 3. d4 d6 4. c4 Nb6 5. f4 g6 6. Nc3 Bg7 7. Be3 Be6 {[%emt 0:01:34] B03: Alekhine's Defence: Four Pawns Attack} 8. b3 (8. Nf3 O-O 9. c5 Nd5 10. Nxd5 Bxd5 11. Be2 Nc6 12. O-O b6 13. cxd6 cxd6 14. Rc1 Rc8 15. Qa4 {1-0 (90) Jones,G (2640)-Cornette,D (2439) chess.com INT 2018}) 8... O-O 9. Be2 dxe5 10. fxe5 c5 11. d5 Bc8 $146 ({Predecessor:} 11... Bxe5 12. Rc1 Bf5 13. Nf3 Bf6 14. Bxc5 N8d7 15. Be3 Ne5 16. Nxe5 Bxe5 {0-1 (39) Bousmaha,L (1364)-Gaal,Z (1956) Pocos de Caldas 2017}) 12. Rc1 N8d7 13. Nf3 Nxe5 14. Bxc5 Nbd7 15. Bd4 Nxf3+ 16. Bxf3 Ne5 17. Be2 e6 18. O-O exd5 19. cxd5 Qg5 20. Kh1 Bf5 21. Bf3 Rad8 22. Ne4 Bxe4 23. Bxe4 $15 f5 24. Bf3 Nxf3 25. Bxg7 Nxh2 26. Kxh2 Kxg7 27. Qd4+ Qf6 28. Qxa7 Rf7 29. Qe3 Rxd5 30. Rc4 Re7 31. Qg3 Qd6 32. Qxd6 Rxd6 33. Rfc1 Rdd7 34. a4 g5 35. b4 f4 36. b5 Kg6 37. b6 Re2 38. R1c2 Re1 39. Rc1 Re2 40. R1c2 f3 41. Rxe2 fxe2 42. Re4 Rd2 43. Kg3 Kf5 44. Re8 Ra2 45. Kf2 Rxa4 46. Rf8+ Kg4 47. Kxe2 Re4+ 48. Kd3 Re6 49. Rf7 Rxb6 50. Rxh7 Kg3 51. Kc4 g4 52. Rg7 Rd6 53. Kc3 Rd5 54. Rg6 Ra5 55. Kd3 Rb5 56. Rg7 Rb2 57. Rg5 Rb4 58. Kc3 Ra4 59. Rb5 Kxg2 60. Kd2 Re4 61. Rxb7 g3 62. Rb2 Re8 63. Kd1+ Kf1 64. Rb3 Rd8+ 65. Kc2 g2 66. Rf3+ Ke2 67. Rg3 Kf2 0-1

[Event "49th Rilton Cup 2019-20"]
[Site "Stockholm"]
[Date "2020.01.02"]
[Round "6.19"]
[White "Lokander, Martin"]
[Black "Bellon Lopez, Juan Manuel"]
[Result "1-0"]
[ECO "D12"]
[WhiteElo "2397"]
[BlackElo "2353"]
[Annotator "ChessBase"]
[PlyCount "59"]
[EventDate "2019.12.27"]
[EventType "swiss"]
[EventCountry "SWE"]
[SourceTitle "playchess.com"]
[Source "ChessBase"]
[SourceQuality "1"]
[TimeControl "40/5400+30:1800+30"]

1. d4 d5 2. c4 c6 3. Nf3 Nf6 4. e3 Bf5 5. Nc3 e6 6. Nh4 Be4 7. f3 Bg6 8. Qb3 Qc7 9. Bd2 Be7 10. O-O-O Nbd7 11. cxd5 exd5 12. Nxg6 hxg6 13. Kb1 Nb6 14. h3 Nh5 15. Bd3 Ng3 16. Rhe1 Nf5 17. Rc1 Qh2 18. Rg1 Qd6 19. a3 O-O 20. g4 Qh2 21. Qd1 Nd6 22. Rc2 Ndc4 23. f4 Qf2 24. Bc1 Qh4 25. g5 Qxh3 26. Rh1 Qd7 27. Qg1 f5 28. gxf6 Rxf6 29. Bxg6 Qd6 30. Rh8+ 1-0

[Event "49th Rilton Cup 2019-20"]
[Site "Stockholm"]
[Date "2020.01.02"]
[Round "6.20"]
[White "Dragicevic, Drazen"]
[Black "Quesada Vera, Liordis"]
[Result "1-0"]
[ECO "A05"]
[WhiteElo "2294"]
[BlackElo "2391"]
[Annotator "ChessBase"]
[PlyCount "111"]
[EventDate "2019.12.27"]
[EventType "swiss"]
[EventCountry "SWE"]
[SourceTitle "playchess.com"]
[Source "ChessBase"]
[SourceQuality "1"]
[TimeControl "40/5400+30:1800+30"]

1. Nf3 Nf6 2. g3 b5 3. a4 c6 4. Na3 a6 5. c3 Bb7 6. d4 e6 7. Bf4 Be7 8. Bg2 O-O 9. O-O d6 10. Qb3 d5 11. Rfd1 Nbd7 12. axb5 cxb5 13. Nc2 Qb6 14. Nce1 a5 15. Nd3 Rfc8 16. Rdc1 a4 17. Qd1 Ne4 18. Nd2 Nd6 19. h4 Nc4 20. Rab1 b4 21. Nxc4 Rxc4 22. cxb4 Bxb4 23. Rxc4 dxc4 24. Bxb7 Qxb7 25. Nxb4 Qxb4 26. Qc2 Qb3 27. Rc1 Nb6 28. Bd6 h6 29. Bc5 Nd5 30. Qxb3 cxb3 31. e4 Nc7 32. Kf1 Nb5 33. Ra1 a3 34. Bxa3 Rxa3 35. bxa3 Nc3 36. Re1 b2 37. a4 b1=Q 38. Rxb1 Nxb1 39. a5 Nc3 40. a6 Nb5 41. Ke2 Kf8 42. Kd3 Ke7 43. Kc4 Nc7 44. a7 Kd6 45. h5 f5 46. f3 Kc6 47. g4 fxe4 48. fxe4 Kb6 49. d5 Kxa7 50. d6 Na8 51. Kd4 Kb6 52. Ke5 Kc6 53. Kxe6 Nb6 54. Kf7 Kxd6 55. Kxg7 Ke7 56. g5 1-0

[Event "49th Rilton Cup 2019-20"]
[Site "Stockholm"]
[Date "2020.01.02"]
[Round "6.21"]
[White "Schekachikhin, Maksim"]
[Black "Sidhant, Mohapatra"]
[Result "1/2-1/2"]
[ECO "D52"]
[WhiteElo "2389"]
[BlackElo "2338"]
[Annotator "NA"]
[PlyCount "82"]
[EventDate "2019.12.27"]
[EventType "swiss"]
[EventCountry "SWE"]
[SourceTitle "playchess.com"]
[Source "ChessBase"]
[SourceQuality "1"]
[TimeControl "40/5400+30:1800+30"]

1. d4 d5 2. Nf3 Nf6 3. c4 c6 4. Nc3 e6 5. Bg5 Nbd7 6. e3 Qa5 7. cxd5 Nxd5 8. Qd2 Bb4 9. Rc1 Nxc3 {[%emt 0:01:15] D52: Queen's Gambit Declined: Cambridge Springs Variation} 10. bxc3 Ba3 11. Rb1 b6 12. Bd3 Ba6 13. c4 $146 ({Predecessor:} 13. O-O O-O 14. e4 Bxd3 15. Qxd3 e5 16. Bh4 Rac8 17. Nd2 {1-0 (34) Can,E (2519)-Vajda,L (2601) Albena 2014}) 13... Qxd2+ 14. Nxd2 Be7 15. h4 e5 16. Bxe7 Kxe7 17. Rb3 exd4 18. exd4 Nf6 19. Rh3 Rhd8 20. Re3+ Kf8 21. Nf3 Bc8 $11 22. Kd2 Bg4 23. Kc3 Rac8 24. Ng5 h6 25. Ne4 Nd5+ 26. cxd5 cxd5+ 27. Kd2 dxe4 28. Rxe4 Bf5 29. Rf4 Be6 30. Rb4 g5 31. hxg5 hxg5 32. Re4 Bxa2 33. Re5 f6 34. Rf5 Rc6 35. Ra4 Bf7 36. Bb5 Rcd6 37. Rxa7 Bg6 38. Rf3 Rxd4+ 39. Kc3 R4d6 40. Rh3 Bf7 41. Rh8+ Kg7 1/2-1/2